 Dungeon Crawl Stone Soup version 0.28.0-1-gb440e238dd (webtiles) character file.

Game seed: 8753156001664074634

654 hawla the Conjurer (level 7, -2/39 HPs)
             Began as a Deep Elf Conjurer on Feb 25, 2022.
             Was a Follower of Vehumet.
             Killed by divine providence
             ... invoked by an orc priest
              (12 damage)
             ... on level 5 of the Dungeon.
             The game lasted 00:10:39 (5471 turns).

hawla the Conjurer (Deep Elf Conjurer)              Turns: 5471, Time: 00:10:40

Health: -2/39      AC:  2    Str:  8    XL:     7   Next: 29%
Magic:  1/16       EV: 13    Int: 25    God:    Vehumet [*.....]
Gold:   207        SH:  0    Dex: 13    Spells: 8/15 levels left

rFire   + . .      SeeInvis .   k - +2 hand axe "Eczol" {vamp, rN++ Str+4}
rCold   . . .      Faith    .   (no shield)
rNeg    + + .      Spirit   .   a - +0 robe
rPois   .          Reflect  .   (no helmet)
rElec   .          Harm     .   (no cloak)
rCorr   .          Rampage  .   (no gloves)
Will    .....                   (no boots)
Stlth   ++........              (no amulet)
HPRegen 0.13/turn               g - ring of protection from fire
MPRegen 0.15/turn               (no ring)

@: no status effects
A: no striking features
a: Renounce Religion


You were on level 5 of the Dungeon.
You worshipped Vehumet.
Vehumet was aware of your devotion.
You visited 1 branch of the dungeon, and saw 5 of its levels.

You collected 207 gold pieces.

Inventory:

Hand Weapons
 k - the +2 hand axe "Eczol" (weapon) {vamp, rN++ Str+4}
   (You found it on level 3 of the Dungeon)

   It occasionally heals its wielder for a portion of the damage dealt when it
   wounds a living foe.
   Str:       It affects your strength (+4).
   rN:        It greatly protects you from negative energy.
Missiles
 c - 5 javelins
Armour
 a - a +0 robe (worn)
Jewellery
 g - a ring of protection from fire (left hand)
Wands
 b - a wand of polymorph (4)
Scrolls
 d - a scroll of enchant armour
 f - a scroll of enchant weapon
Potions
 m - 2 potions of mutation {unknown}


   Skills:
 + Level 1.9 Fighting
 + Level 2.5 Axes
 + Level 0.4 Throwing
 - Level 4.0 Dodging
 + Level 3.9 Stealth
 + Level 4.8 Spellcasting
 + Level 6.5 Conjurations
 - Level 1.0 Translocations
 + Level 0.5 Evocations


You had 8 spell levels left.
You knew the following spells:

 Your Spells              Type           Power      Damage    Failure   Level
a - Magic Dart            Conj           100%       1d8       1%          1
b - Searing Ray           Conj           76%        2d7       1%          2
c - Iskenderun's Mystic   Conj/Tloc      24%        2d7       19%         4

Your spell library contained the following spells:

 Spells                   Type           Power      Damage    Failure   Level
 Shock                    Conj/Air       88%        1d8       2%          1
 Dazzling Flash           Conj/Hex       44%        N/A       7%          3
 Fulminant Prism          Conj/Hex       11%        3d9       22%         4
 Dispersal                Tloc           5%         N/A       100%        6
 Disjunction              Tloc           5%         N/A       100%        8


Dungeon Overview and Level Annotations

Branches:
Dungeon (5/15)
 Temple: D:4-7

Altars:
Dithmenos
Trog
Vehumet
Yredelemnul

Annotations:
D:4 2 transporters, Jase's ghost, amateur GrEE


Message History

Press: ? - help, Shift-Dir - straight line, f - orc priest
Aim: an orc priest, wielding a +1 flail of protection and wearing a +0 leather armour (wandering, hasn't noticed you, 81% to hit)
The searing ray hits the orc priest!
The orc priest is heavily wounded. (Press . to maintain the ray.)
The orc priest mumbles some strange prayers to Beogh against you.
Pain shoots through your body!
The searing ray hits the orc priest.
The orc priest is almost dead.
The orc priest miscasts a cantrip.
The searing ray hits the orc priest but does no damage.
The orc priest is almost dead.
The orc priest casts a cantrip, but nothing happens.
The searing ray hits the orc priest but does no damage.
The orc priest is almost dead.
You finish channelling your searing ray.
The orc priest mumbles some strange prayers to Beogh against you.
Beogh smites you!
* * * LOW HITPOINT WARNING * * *
You feel better.
Casting: Searing Ray (safe; 1% risk of failure)
Confirm with . or Enter, or press ? or * to list all spells.
Aiming: Searing Ray (safe; 1% risk of failure)
Press: ? - help, Shift-Dir - straight line, f/p - orc priest
Aim: an orc priest, wielding a +1 flail of protection and wearing a +0 leather armour (almost dead, 81% to hit)
The searing ray hits the orc priest but does no damage.
The orc priest is almost dead. (Press . to maintain the ray.)
The orc priest miscasts a cantrip.
The orc priest invokes the aid of Beogh against you.
Pain shoots through your body!
Items here: )) [[.
The orc priest mumbles some strange prayers to Beogh against you.
Pain shoots through your body!
* * * LOW HITPOINT WARNING * * *
You barely miss the orc priest.
The orc priest is almost dead.
The orc priest invokes the aid of Beogh against you.
Beogh smites you!
You die...

## ##.## ##...##
######.....## ###
#..).)......#
##.###o####..)..####
##...##@# ##...)...#
#.#.....#)#
#).####.# #........#
#.... # #.###.#####
#.##o# #.# #.. ...
#.# ### ### ##'##
##...## ##.....##


You could see an orc priest.

Vanquished Creatures
  Eustachio (D:4)
  Edmund (D:4)
  A phantom (D:5)
  A hound (D:4)
  A centaur skeleton (D:2)
  2 jellies
  3 orc wizards (D:4)
  2 hound skeletons (D:4)
  2 adders
  A worm (D:2)
  2 dart slugs
  14 orcs
  5 ball pythons
  5 endoplasms
  5 giant cockroaches
  4 hobgoblins
  3 quokkas
  3 bats
  2 frilled lizards
  6 goblins
  8 kobolds
  6 rats
78 creatures vanquished.

Vanquished Creatures (others)
  5 toadstools (D:5)
5 creatures vanquished.

Grand Total: 83 creatures vanquished

Notes
Turn   | Place    | Note
-------+----------+-------------------------------------------
     0 | D:1      | hawla the Deep Elf Conjurer began the quest for the Orb.
     0 | D:1      | Reached XP level 1. HP: 10/10 MP: 6/6
   422 | D:1      | Reached XP level 2. HP: 15/15 MP: 5/8
   425 | D:1      | Learned a level 2 spell: Searing Ray
   651 | D:1      | Reached skill level 5 in Conjurations
  1140 | D:1      | You fall into a shaft and drop 1 floor!
  1526 | D:2      | Reached XP level 3. HP: 19/19 MP: 1/9
  2083 | D:2      | Reached XP level 4. HP: 17/24 MP: 2/11
  2177 | D:2      | Learned a level 4 spell: Iskenderun's Mystic Blast
  2377 | D:2      | Found a faded altar of an unknown god.
  2623 | D:3      | Found a radiant altar of Vehumet.
  2639 | D:3      | Identified the +2 hand axe "Eczol" {vamp, rN++ Str+4}
  2643 | D:3      | Became a worshipper of Vehumet
  2712 | D:3      | Found a bloodstained altar of Trog.
  3230 | D:4      | Noticed Eustachio
  3380 | D:4      | Reached skill level 6 in Conjurations
  3395 | D:4      | Killed Eustachio
  3396 | D:4      | Reached skill level 1 in Axes
  3396 | D:4      | Reached XP level 5. HP: 28/28 MP: 4/13
  3502 | D:4      | Reached skill level 1 in Fighting
  3502 | D:4      | Reached XP level 6. HP: 16/34 MP: 6/14
  3722 | D:4      | Found a transporter.
  3722 | D:4      | Noticed Jase's ghost (amateur GrEE)
  3733 | D:4      | Found a transporter.
  3923 | D:4      | Noticed Edmund
  4166 | D:4      | Found a basalt altar of Yredelemnul.
  4700 | D:4      | Killed Edmund
  4701 | D:4      | Reached XP level 7. HP: 18/38 MP: 2/16
  5162 | D:4      | Found a shadowy altar of Dithmenos.
  5207 | D:5      | Entered Level 5 of the Dungeon
  5210 | D:5      | Reached * piety under Vehumet
  5210 | D:5      | Offered knowledge of Shock by Vehumet.
  5286 | D:5      | Reached skill level 1 in Translocations
  5471 | D:5      | Killed from afar by an orc priest

Illustrated notes

Levels and vault maps discovered:
D:1:      minmay_arrival_open_corners, layout_basic
D:2:      layout_loops_ring, hellmonk_ecumenical_altar_heavens_door,
          minmay_misc_feat_doors
D:3:      layout_rooms, mainiacjoe_overflow_concentric_impassable,
          overflow_temple_1_default
D:4:      layout_basic, lemuel_coloured_pillars_altar, marbit_many_paths,
          gammafunk_ghost_arena, kennysheep_generic_room_11, uniq_edmund,
          uniq_eustachio
D:5:      layout_loops_corners, minmay_gold_behind_fungi, uniq_pikel

Skill      XL: |  1  2  3  4  5  6  7 |
---------------+----------------------+-----
Conjurations   | 5 6 |  6.5
Spellcasting   | 4 |  4.8
Axes           | 1 2 |  2.5
Dodging        | 3 4 |  4.0
Stealth        | 3 |  3.9
Fighting       | 1 |  1.9
Translocations | 1 |  1.0
Throwing       | |  0.4
Evocations     | |  0.5

Action                   |  1- 3 |  4- 6 |  7- 9 || total
-------------------------+-------+-------+-------++-------
Melee: Unarmed           |     2 |     6 |       ||     8
       Hand axe          |       |    57 |    11 ||    68
       Punch             |       |     1 |       ||     1
 Cast: Magic Dart        |    20 |     2 |       ||    22
       Searing Ray       |    24 |    18 |    12 ||    54
       Iskenderun's Myst |       |     4 |     3 ||     7
  Use: Scroll            |     2 |     7 |       ||     9
       Potion            |       |     4 |     1 ||     5
 Stab: Sleeping          |       |     2 |       ||     2
       Distracted        |       |     1 |       ||     1
Armor: Robe              |     6 |     6 |     2 ||    14
Dodge: Dodged            |    10 |    64 |    13 ||    87
